 Dungeon Crawl Stone Soup version 0.19.5 (webtiles) character file.

112 Hybris the Chopper (level 4, -2/37 HPs)
             Began as a Demonspawn Berserker on Mar 31, 2017.
             Was a Believer of Trog.
             Slain by a scorpion (7 damage)
             ... on level 4 of the Dungeon.
             The game lasted 00:03:34 (1956 turns).

Hybris the Chopper (Demonspawn Berserker)           Turns: 1956, Time: 00:03:35

Health: -2/37      AC:  7    Str: 18    XL:     4   Next: 64%
Magic:  4/4        EV: 11    Int:  9    God:    Trog [**....]
Gold:   140        SH:  0    Dex: 12    Spells: 0 memorised, 3 levels left

rFire  + . .     SeeInvis .     a - +0 hand axe
rCold  . . .     Gourm    .     f - +0 ring mail
rNeg   . . .     Faith    .     (no shield)
rPois  .         Spirit   .     (helmet restricted)
rElec  .         Reflect  .     (no cloak)
rCorr  .         Harm     .     (no gloves)
MR     .....                    (no boots)
Stlth  +.........               (no amulet)
                                (no ring)
                                (no ring)

@: lethally poisoned (-2 -> -19)
A: horns 1, icy blue scales 1, fire resistance 1
a: Berserk, Trog's Hand, Burn Spellbooks, Renounce Religion


You were on level 4 of the Dungeon.
You worshipped Trog.
Trog was pleased with you.
You were very hungry.

You visited 1 branch of the dungeon, and saw 3 of its levels.

You collected 140 gold pieces.

Inventory:

Hand Weapons
 a - a +0 hand axe (weapon)
Armour
 f - a +0 ring mail (worn)
Jewellery
 p - an uncursed ring of poison resistance {unknown}
Scrolls
 e - a scroll of immolation {unknown}
 g - a scroll of identify {unknown}
 h - a scroll of recharging {unknown}
 k - a scroll of fear {unknown}
 l - a scroll of enchant weapon {unknown}
 m - 2 scrolls of amnesia {unknown}
 n - 2 scrolls of magic mapping {unknown}
Potions
 b - a potion of lignification {unknown}
 j - 2 potions of curing {unknown}
 o - a potion of flight {unknown}
Comestibles
 c - 6 bread rations
 i - a meat ration


   Skills:
 + Level 3.8 Fighting
 * Level 4.4 Axes
 - Level 1.7 Armour
 - Level 1.7 Dodging


You had 3 spell levels left.
You didn't know any spells.

Dungeon Overview and Level Annotations

Branches:
Dungeon (2/15)

Altars:
Uskayaw
Xom


Innate Abilities, Weirdness & Mutations

You have a pair of small horns on your head.
You are partially covered in icy blue scales. (AC +2)
Your flesh is heat resistant. (rF+)


Message History

The scorpion misses you.
You barely miss the scorpion.
The scorpion is severely wounded.
You feel sick.
The scorpion stings you but does no damage. x2
You barely miss the scorpion. You headbutt the scorpion.
The scorpion is almost dead.
You feel sick. The scorpion stings you.
You barely miss the scorpion.
The scorpion is almost dead.
The scorpion stings you!
* * * LOW HITPOINT WARNING * * *
You are lethally poisoned!
The scorpion poisons you!
You are too injured to fight recklessly!
You barely miss the scorpion.
The scorpion is almost dead.
* * * LOW HITPOINT WARNING * * *
You feel sick. The scorpion stings you!
You die...

########## .........#
.#######.## ...#
#..## ##.### ##..#
#### #...# ##.####
... # ###.#
###....###s##....
#.###........@....#
###.....#####..#.####
#....###### ##...#
...#.#.....# ##..#
####.#.###..... #...
#(..# ##. .##.
..##..### .# #
........## .#
.#...##..#


You could see a scorpion.

Vanquished Creatures
  A worker ant (D:4)
  4 adders (D:2)
  4 oozes
  4 leopard geckos
  3 goblins
  4 hobgoblins
  2 jackals (D:2)
  A ball python (D:2)
  2 bats (D:1)
  3 frilled lizards (D:1)
  4 kobolds
  6 rats
38 creatures vanquished.

Notes
Turn   | Place    | Note
-------+----------+-------------------------------------------
     0 | D:1      | Hybris the Demonspawn Berserker began the quest for the Orb.
     0 | D:1      | Reached XP level 1. HP: 18/18 MP: 1/1
   124 | D:1      | Reached skill level 3 in Axes
   293 | D:1      | Gained mutation: You are partially covered in icy blue scales. (AC +2) [demonic ancestry]
   293 | D:1      | Reached XP level 2. HP: 24/24 MP: 2/2
   709 | D:1      | Gained mutation: Your flesh is heat resistant. (rF+) [demonic ancestry]
   709 | D:1      | Reached XP level 3. HP: 26/29 MP: 3/3
  1161 | D:2      | Reached ** piety under Trog
  1161 | D:2      | Reached skill level 4 in Axes
  1195 | D:2      | Gained mutation: You have a pair of small horns on your head. [demonic ancestry]
  1195 | D:2      | Reached XP level 4. HP: 32/35 MP: 4/4
  1236 | D:2      | Found a shimmering altar of Xom.
  1239 | D:2      | Found a shimmering altar of Xom.
  1240 | D:2      | Found a shimmering altar of Xom.
  1241 | D:2      | Found a shimmering altar of Xom.
  1369 | D:2      | Found a hide-covered altar of Uskayaw.
  1370 | D:2      | Noticed a hand axe
  1371 | D:2      | Noticed a dagger
  1447 | D:2      | You fall through a shaft for 2 floors!
  1956 | D:4      | Slain by a scorpion

Skill      XL: |  1  2  3 |
---------------+----------+-----
Axes           | 3 4 |  4.4
Fighting       | |  3.8
Armour         | |  1.7
Dodging        | |  1.7

Action                   |  1- 3 |  4- 6 || total
-------------------------+-------+-------++-------
Melee: Hand axe          |    92 |    42 ||   134
       Headbutt          |       |     9 ||     9
  Eat: Chunk             |     1 |     1 ||     2
Armor: Animal skin       |     1 |       ||     1
       Ring mail         |    25 |    23 ||    48
Dodge: Dodged            |    53 |    23 ||    76
